 Dungeon Crawl Stone Soup version 0.29-a0-214-g17f627cfee (webtiles) character file.

Game seed: 17527160031937650252

0 spaghetti the Sneak (level 1, -3/18 HPs)
             Began as a Demonspawn Delver on Feb 24, 2022.
             Slain by an iguana (9 damage)
             ... on level 5 of the Dungeon.
             The game lasted 00:00:46 (392 turns).

spaghetti the Sneak (Demonspawn Delver)              Turns: 392, Time: 00:00:47

Health: -3/18      AC:  3    Str: 12    XL:     1   Next: 0%
Magic:  1/1        EV: 11    Int: 11    God:
Gold:   11         SH:  0    Dex: 14    Spells: 0/0 levels left

rFire   . . .      SeeInvis .   a - +0 short sword {short}
rCold   . . .      Faith    .   (no shield)
rNeg    . . .      Spirit   .   b - +0 leather armour
rPois   .          Reflect  .   (no helmet)
rElec   .          Harm     .   (no cloak)
rCorr   .          Rampage  .   (no gloves)
Will    .....                   (no boots)
Stlth   ++........              (no amulet)
HPRegen 0.06/turn               (no ring)
MPRegen 0.07/turn               (no ring)

@: no status effects
A: no striking features
a: no special abilities


You were on level 5 of the Dungeon.
You visited 1 branch of the dungeon, and saw 2 of its levels.

You collected 11 gold pieces.


   Skills:
 - Level 3.0 Fighting
 - Level 1.7 Short Blades
 - Level 1.7 Dodging
 + Level 4.5 Stealth


You couldn't memorise any spells.
You didn't know any spells.
Your spell library was empty.

Inventory:

Hand Weapons
 a - a +0 short sword (weapon) {short}
Armour
 b - a +0 leather armour (worn)
Wands
 g - a wand of digging (2)
Scrolls
 c - a scroll of fog
 d - a scroll of identify {unknown}
 e - a scroll of fear

Dungeon Overview and Level Annotations

Branches:
Dungeon (6/15)
 Temple: D:4-7

Altars:

#######
#.....#
#.....#
#.....#
#.....#
#l....##
#@.....#
#.#.##.#
#.# #
#.# #.#
#.. ...
.?.


You could see an iguana.


Message History

🤖 Initializing magus.rc ...
Options error: Delay interrupt name "hungry" not recognised. (~/.crawlrc:4761) Options error: Bad monster_list_colour key: strict_neutral (~/.crawlrc:4776) ✅ Successfully initialized magus.rc [v1.9.6] Welcome, spaghetti the Demonspawn Delver.
Everyone else who sought the Orb of Zot has failed.
Will you be different?
Press ? for a list of commands and other information.
Found a stone staircase leading down.
You climb downwards.
There is a stone staircase leading up here.
Unknown command.
Unknown command.
Unknown command.
Really read
d - a scroll of magic mapping {!r}?
As you read the scroll of magic mapping {!r}, it crumbles to dust.
You feel aware of your surroundings.
You sensed 1 altar.
You climb upwards.
There is a stone staircase leading down here.
A wyvern zombie comes into view.
A wyvern zombie is nearby!
A wyvern zombie is nearby!
The wyvern zombie bites you. The wyvern zombie bites you!
* * * LOW HITPOINT WARNING * * *
You are too injured to fight recklessly! 😨 HP[-10]
You take 10 damage, and now have 8/18 hp.
MASSIVE DAMAGE!! (PAUSE)
You feel yourself speed up. The wyvern zombie bites you!
* * * LOW HITPOINT WARNING * * *
😱 HP[-7]
You take 7 damage, and now have 1/18 hp.
MASSIVE DAMAGE!! (PAUSE)
d - a scroll labelled USMIABLUNT
There are no items here.
The wyvern zombie barely misses you. 😱 HP[+1]
Aiming: Dig
Press: ? - help, Shift-Dir - straight line A rock wall.
The rock shatters into small pieces.
There is a stone staircase leading down here.
You climb downwards.
There is a stone staircase leading up here. 😱 HP[+1] Unknown command.
Unknown command.
You start resting.
Your extra speed is starting to run out.
You feel yourself slow down.
You start resting. 😎 HP[+15]
Your hp is fully restored (18).
Found a stone staircase leading up.
There is a stone staircase leading up here.
You now have 11 gold pieces.
A hornet comes into view.
There is a stone staircase leading up here.
You climb upwards.
Found a scroll labelled MAIRPH MUAHIA.
Found a stone staircase leading down.
There is a stone staircase leading down here.
Unknown command.
Unknown command.
An iguana is nearby!
The helpless iguana fails to defend itself.
You puncture the iguana! The iguana bites you!
Ouch! That really hurt!
* * * LOW HITPOINT WARNING * * *
Unknown command.
Unknown command. 😨 HP[-12]
You take 12 damage, and now have 6/18 hp.
MASSIVE DAMAGE!! (PAUSE)
You barely miss the iguana. The iguana closely misses you.
You aren't carrying any potions.
You hit the iguana but do no damage. The iguana barely misses you.
Unknown command.
You hit the iguana but do no damage. The iguana misses you.
You hit the iguana but do no damage. The iguana barely misses you.
You hit the iguana but do no damage. The iguana closely misses you.
You hit the iguana. The iguana closely misses you.
You hit the iguana.
The iguana bites you but does no damage.
You hit the iguana. The iguana misses you.
You hit the iguana but do no damage.
The iguana bites you but does no damage.
You hit the iguana but do no damage. The iguana bites you!
Ouch! That really hurt!
You die...

Action                   || total
-------------------------++-------
Melee: Short sword       ||    11
Evoke: Wand              ||     1
  Use: Scroll            ||     1
       Potion            ||     1
 Stab: Sleeping          ||     1
Armor: Leather armour    ||     2
Dodge: Dodged            ||     8

Levels and vault maps discovered:
D:5:      layout_loops_cross, uniq_menkaure, uniq_ijyb
D:6:      layout_loops_ring, cheibriados_altar_1, lexackson_kobold_supper

Notes
Turn   | Place    | Note
-------+----------+-------------------------------------------
     0 | D:5      | spaghetti the Demonspawn Delver began the quest for the
                  | Orb.
     0 | D:5      | Reached XP level 1. HP: 18/18 MP: 1/1
     0 | D:5      | magus.rc [v1.9.6]
    55 | D:5      | Noticed a wyvern zombie
    58 | D:5      | HP: 1/18 [wyvern zombie (7)]
   370 | D:6      | Noticed a hornet
   381 | D:5      | Noticed an iguana
   392 | D:5      | Slain by an iguana

Vanquished Creatures (others)
  17 plants (D:6)
17 creatures vanquished.

Table legend:
 A = Non-vault XP
 B = Vault XP
 C = Vault XP percentage of total XP
 D = Non-vault monster count
 E = Vault monster count
 F = Vault count percentage of total count
                 A         B        C        D         E       F
            +---------+---------+-------+---------+---------+-------
      Total |       0 |       0 |   N/A |       0 |       0 |  -nan
            +---------+---------+-------+---------+---------+-------
            +---------+---------+-------+---------+---------+-------

Illustrated notes

Table legend: (Time is in decaauts)
 A = Elapsed time spent in this place.
 B = Non-inter-level travel time spent in this place.
 C = Inter-level travel time spent in this place.
 D = Time resting spent in this place.
 E = Time spent auto-exploring this place.
 F = Levels seen in this place.
 G = Mean time per level.
                   A        B        C        D        E       F      G
               +--------+--------+--------+--------+--------+-----+--------+
         Total |    375 |    375 |      0 |    247 |     70 |   2 |  187.5 |
       Dungeon |    375 |    375 |      0 |    247 |     70 |   2 |  187.5 |
               +--------+--------+--------+--------+--------+-----+--------+

Top non-repeatable levels by time:
     D:6: 283 daAuts
     D:5: 91 daAuts
